 Dungeon Crawl Stone Soup version 0.31-a0-983-g7b6862f502 (webtiles) character file.

Game seed: 13963514611531166295

413 IdlyInterested the Slasher (level 6, -5/44 HPs)
             Began as a Demonspawn Gladiator on Nov 2, 2023.
             Slain by a kobold brigand
             ... wielding a +0 dagger
              (7 damage)
             ... in a sewer.
             The game lasted 00:09:47 (3812 turns).

IdlyInterested the Slasher (Demonspawn Gladiator)   Turns: 3812, Time: 00:09:49

Health: -5/44      AC:  6    Str: 17    XL:     6   Next: 59%
Magic:  6/6        EV: 10    Int:  9    God:
Gold:   180        SH:  0    Dex: 16    Spells: 5/5 levels left

rFire   . . .        a - +1 long sword
rCold   . . .        (no shield)
rNeg    . . .        j - +0 scale mail
rPois   .            (helmet restricted)
rElec   .            (no cloak)
rCorr   .            (no gloves)
SInv    .            (no boots)
Will    .....        (no amulet)
Stlth   +            (no ring)
HPRegen 0.27/turn    (no ring)
MPRegen 0.10/turn

%: no passive effects
@: no status effects
A: antennae 1, thin skeletal structure 1
a: no special abilities


You were in a sewer.
You visited 1 branch of the dungeon, and saw 4 of its levels.
You also visited: Sewer.

You collected 180 gold pieces.

Inventory:

Hand Weapons
 a - a +1 long sword (weapon)
 b - a +1 dagger of venom
 p - a +3 club
 u - a +2 short sword of protection
Missiles
 d - 3 throwing nets
 e - a javelin
 g - 41 stones (quivered)
 t - 12 poisoned darts
Armour
 j - a +0 scale mail (worn)
 o - a +2 robe of fire resistance
 s - a +0 kite shield
Scrolls
 c - a scroll of fog
 i - a scroll of blinking
 l - a scroll of enchant weapon
 n - 2 scrolls of poison
 w - a scroll of identify
 x - a scroll of teleportation
 y - a scroll of vulnerability {unknown}
Potions
 f - a potion of enlightenment
 h - a potion of invisibility {unknown}
 k - a potion of degeneration {unknown}
 m - 3 potions of heal wounds {unknown}
 q - 2 potions of might {unknown}
 r - a potion of curing {unknown}
 v - a potion of haste {unknown}


   Skills:
 - Level 2.0 Fighting
 * Level 6.0 Long Blades
 - Level 2.0 Throwing
 - Level 1.0 Armour
 - Level 3.0 Dodging
 - Level 1.0 Stealth
 + Level 1.5 Shields
 - Level 1.0 Evocations


You had 5 spell levels left.
You didn't know any spells.
Your spell library contained the following spells:

 Spells                   Type           Power      Damage    Failure   Level
 Freeze                   Ice            0%         1d3       82%         1
 Frozen Ramparts          Ice            0%         1d1       99%         3
 Hailstorm                Conj/Ice       0%         3d3       99%         3


Dungeon Overview and Level Annotations

Branches:
Dungeon (4/15)              Sewer (1/1)
 Temple: D:4-7

Altars:
Cheibriados
Nemelex Xobeh

Shops:
D:4 :[


Innate Abilities, Weirdness & Mutations

You have a pair of small antennae on your head.
You have a somewhat thin skeletal structure. (Dex +2, Stealth+)


Message History

The kobold brigand is heavily wounded.
You feel sick. The kobold brigand closely misses you.
The kobold brigand hits you with a +0 dagger.
Your unstable footing causes you to fumble your attack.
You feel sick.
You are no longer poisoned.
The kobold brigand hits you with a +0 dagger.
You hit the kobold brigand.
The kobold brigand is heavily wounded.
The kobold brigand misses you.
Your unstable footing causes you to fumble your attack.
The kobold brigand hits you with a +0 dagger.
Your unstable footing causes you to fumble your attack.
The kobold brigand hits you with a +0 dagger.
* * * LOW HITPOINT WARNING * * *
Your unstable footing causes you to fumble your attack.
The kobold brigand hits you with a +0 dagger.
* * * LOW HITPOINT WARNING * * *
Okay, then.
The kobold brigand throws a poisoned dart.
The poisoned dart hits you.
You are poisoned.
You feel sick.
The kobold brigand hits you with a +0 dagger.
* * * LOW HITPOINT WARNING * * *
You closely miss the kobold brigand.
The kobold brigand is heavily wounded.
You feel sick. The kobold brigand barely misses you.
You slash the kobold brigand!
The kobold brigand is almost dead.
You feel sick.
The kobold brigand hits you with a +0 dagger.
* * * LOW HITPOINT WARNING * * *
You barely miss the kobold brigand.
The kobold brigand is almost dead.
* * * LOW HITPOINT WARNING * * *
You feel sick.
You are no longer poisoned.
The kobold brigand hits you with a +0 dagger!
You die...

#≈##~~...## ~~ # ##.~.##
#≈# ##≈## #≈# #≈# #≈# #≈#
#≈# #≈# # ##≈## ##≈## #~~
##~~.## ##.~.##
~....####@.~.~#####..~..##
...~.~~JK~~∩~~≈≈≈≈≈~....~~
...~.####.....#####..~~.##
#~. ##~~.## ##~..## #
##~## ##~## #~# #~# #~#
#~# ##~## ##~## ##~..##
##...##


You could see a kobold brigand and an endoplasm.

Vanquished Creatures
  2 kobold brigands (Sewer)
  A scorpion (D:2)
  Jessica (D:2)
  Robin (D:2)
  9 adders
  A river rat (Sewer)
  4 worms
  2 dart slugs (D:3)
  7 endoplasms
  3 giant cockroaches
  13 goblins
  3 hobgoblins (D:2)
  7 kobolds
  2 quokkas
  5 ball pythons
  10 bats
  6 frilled lizards
  12 rats
89 creatures vanquished.

Vanquished Creatures (others)
  A goblin (D:2)
1 creature vanquished.

Grand Total: 90 creatures vanquished

Notes
Turn   | Place    | Note
-------+----------+-------------------------------------------
     0 | D:1      | IdlyInterested the Demonspawn Gladiator began the quest for
                  | the Orb.
     0 | D:1      | Reached XP level 1. HP: 16/16 MP: 1/1
   174 | D:1      | Reached skill level 3 in Long Blades
   398 | D:1      | Gained mutation: You have a somewhat thin skeletal
                  | structure. (Dex +2, Stealth+) [demonic ancestry]
   398 | D:1      | Reached XP level 2. HP: 22/22 MP: 2/2
  1021 | D:2      | Noticed Robin
  1056 | D:2      | Killed Robin
  1057 | D:2      | Gained mutation: You have a pair of small antennae on your
                  | head. [demonic ancestry]
  1057 | D:2      | Reached XP level 3. HP: 17/27 MP: 3/3
  1207 | D:2      | Noticed Jessica
  1211 | D:2      | Killed Jessica
  1212 | D:2      | Reached skill level 4 in Long Blades
  1212 | D:2      | Reached skill level 1 in Armour
  1212 | D:2      | Reached XP level 4. HP: 23/33 MP: 4/4
  1756 | D:2      | Noticed a scorpion
  1770 | D:2      | Killed a scorpion
  1771 | D:2      | Reached skill level 1 in Stealth
  1771 | D:2      | Reached XP level 5. HP: 33/38 MP: 5/5
  2600 | D:3      | Reached skill level 5 in Long Blades
  2805 | D:3      | Found a sparkling altar of Nemelex Xobeh.
  2974 | D:3      | Found a snail-covered altar of Cheibriados.
  3117 | D:4      | Reached skill level 1 in Shields
  3131 | D:4      | Found Wewiunk's Antique Armour Boutique.
  3190 | D:4      | Found Luonoyts's Book Boutique.
  3390 | D:4      | Found a glowing drain.
  3393 | Sewer    | Entered a sewer
  3468 | Sewer    | Reached skill level 1 in Evocations
  3468 | Sewer    | Reached XP level 6. HP: 20/44 MP: 6/6
  3709 | Sewer    | Reached skill level 6 in Long Blades
  3812 | Sewer    | HP: 2/44 [poisoned by a kobold brigand]
  3812 | Sewer    | Slain by a kobold brigand

Illustrated notes

Levels and vault maps discovered:
D:1:      minmay_arrival_up_and_down, layout_basic, minmay_misc_feat_five
D:2:      cheibrodos_old_hovel, layout_loops_corners, grunt_ministairs_7,
          minivault_24, minmay_splitting_lines, uniq_jessica, uniq_robin
D:3:      layout_loops_corners, nemelex_xobeh_ov_fountains_minmay,
          mainiacjoe_overflow_swirl
D:4:      black_bear_nest_1, layout_basic,
          mainiacjoe_sewer_entry_somewhere_in_here_1, serial_shops,
          nicolae_shop_hallway_plus, shop, nicolae_shop_behind_doors,
          nicolae_shop_peninsula, nicolae_shop_gibbet_a_chance,
          hangedman_decor_growths
Sewer:    sewer_co_15_rooms

Skill      XL: |  1  2  3  4  5  6 |
---------------+-------------------+-----
Long Blades    | 3 4 5 6 |  6.0
Throwing       | 2 |  2.0
Dodging        | 3 |  3.0
Armour         | 1 |  1.0
Stealth        | 1 |  1.0
Shields        | 1 |  1.5
Evocations     | 1 |  1.0
Fighting       | |  2.0

Action                     |  1- 3 |  4- 6 || total
---------------------------+-------+-------++-------
  Melee: Long sword        |    64 |   224 ||   288
         Dagger            |    26 |       ||    26
         Punch             |     1 |     1 ||     2
  Throw: Stone             |     3 |     3 ||     6
    Use: Scroll            |       |     8 ||     8
   Stab: Sleeping          |       |     3 ||     3
 Armour: Leather armour    |    17 |       ||    17
         Scale mail        |    55 |   137 ||   192
  Dodge: Dodged            |    62 |   130 ||   192

Table legend: (Time is in decaauts)
 A = Elapsed time spent in this place.
 B = Non-inter-level travel time spent in this place.
 C = Inter-level travel time spent in this place.
 D = Time resting spent in this place.
 E = Time spent auto-exploring this place.
 F = Levels seen in this place.
 G = Mean time per level.
                   A        B        C        D        E       F      G
               +--------+--------+--------+--------+--------+-----+--------+
         Total |   3901 |   3587 |    314 |    229 |   2448 |   5 |  780.2 |
       Dungeon |   3429 |   3115 |    314 |     75 |   2341 |   4 |  857.2 |
         Sewer |    472 |    472 |      0 |    154 |    107 |   1 |  472.0 |
               +--------+--------+--------+--------+--------+-----+--------+

Top non-repeatable levels by time:
     D:3: 1068 daAuts
     D:2: 1041 daAuts
     D:1: 1026 daAuts
   Sewer: 472 daAuts
     D:4: 293 daAuts
